 Dungeon Crawl Stone Soup version 0.28.0-47-ge53b351184 (webtiles) character file.

Game seed: 11793083224514891023

116712 fictitious the Severer (level 16, -4/150 HPs)
             Began as a Deep Dwarf Delver on May 10, 2022.
             Was a Believer of Elyvilon.
             Slain by an acid blob (19 damage)
             ... on level 5 of the Pits of Slime.
             The game lasted 03:04:41 (27137 turns).

fictitious the Severer (Deep Dwarf Delver)         Turns: 27137, Time: 03:04:42

Health: -4/150     AC: 14    Str: 24      XL:     16   Next: 21%
Magic:  10/11      EV: 12    Int: 20 (21) God:    Elyvilon [**....]
Gold:   1190       SH: 17    Dex: 17 (19) Spells: 15/15 levels left

rFire   + + .      SeeInvis +   a - +2 broad axe (vorpal)
rCold   . . .      Faith    .   z - +0 kite shield
rNeg    + + .      Spirit   .   R - +2 chain mail {rF+}
rPois   .          Reflect  +   D - +2 hat
rElec   +          Harm     .   l - +0 cloak
rCorr   +          Rampage  .   k - +1 pair of gloves
Will    +++..                   h - +0 pair of boots
Stlth   ..........              G - amulet of Decleck {Reflect Int+7 SH+5}
HPRegen 0.00/turn               U - ring "Tenax" {Drain rElec rF+ rCorr Int+3 SInv}
MPRegen 0.12/turn               f - ring "Xeleniutze" {rN+ Will+ Int+2 Dex+3}

@: corroded, on berserk cooldown, unable to read
A: damage resistance, heal wounds, negative energy resistance 1, sense
surroundings 2, no regeneration, agile 1, dopey 1, high MP 1
a: Heal Wounds, Renounce Religion, Purification, Heal Other


You were on level 5 of the Pits of Slime.
You worshipped Elyvilon.
Elyvilon was pleased with you.
You visited 7 branches of the dungeon, and saw 31 of its levels.
You also visited: Volcano.

You collected 2875 gold pieces.
You spent 1685 gold pieces at shops.

Inventory:

Hand Weapons
 a - a +2 vorpal broad axe (weapon)
 b - a +3 war axe of flaming
 N - the +8 glaive of the Guard {elec, spectral, AC+5}
   (You found it on level 3 of the Lair of Beasts)

   It occasionally discharges a powerful burst of electricity upon striking a
   foe.
   When it strikes, its spirit leaps out and fights alongside the wielder.
   AC:        It affects your AC (+5).
Missiles
 m - 17 poisoned darts (quivered)
 v - 4 throwing nets
 M - 6 silver javelins
Armour
 c - the +3 scale mail of Rorphik {+Blink rPois Regen+}
   (You bought it in a shop on level 2 of the Orcish Mines)

   rPois:     It protects you from poison.
   +Blink:    It lets you blink.
   Regen:     It increases your rate of health regeneration.
 h - a +0 pair of boots (worn)
 k - a +1 pair of gloves (worn)
 l - a +0 cloak (worn)
 x - a +0 helmet
 z - a +0 kite shield (worn)
 D - a +2 hat (worn)
 R - a +2 chain mail of fire resistance (worn)
Jewellery
 f - the ring "Xeleniutze" (right hand) {rN+ Will+ Int+2 Dex+3}
   (You acquired it on level 10 of the Dungeon)

   [ring of willpower]

   Int:       It affects your intelligence (+2).
   Dex:       It affects your dexterity (+3).
   rN:        It protects you from negative energy.
   Will:      It increases your willpower.
 j - the ring "Woaj" {rElec rC+ AC+4 Stlth-}
   (You took it off a deep elf pyromancer on level 11 of the Dungeon)

   [ring of protection]

   AC:        It affects your AC (+4).
   rC:        It protects you from cold.
   rElec:     It insulates you from electricity.
   Stlth:     It makes you less stealthy.
 p - a ring of poison resistance
 G - the amulet of Decleck (around neck) {Reflect Int+7 SH+5}
   (You took it off a meliai on level 2 of the Spider Nest)

   [amulet of reflection]

   It reflects blocked missile attacks.
   Int:       It affects your intelligence (+7).
   SH:        It affects your SH (+5).
 U - the ring "Tenax" (left hand) {Drain rElec rF+ rCorr Int+3 SInv}
   (You took it off a tengu warrior on level 11 of the Dungeon)

   [ring of see invisible]

   Int:       It affects your intelligence (+3).
   rF:        It protects you from fire.
   rElec:     It insulates you from electricity.
   SInv:      It lets you see invisible.
   rCorr:     It protects you from acid and corrosion.
   Drain:     It drains your maximum health when unequipped.
 Y - the ring of the Shining Light {Wiz rC+++ rN+ Dex-4 SInv}
   (You found it on level 11 of the Dungeon)

   [ring of wizardry]

   It improves your spell success rate.
   Dex:       It affects your dexterity (-4).
   rC:        It renders you almost immune to cold.
   rN:        It protects you from negative energy.
   SInv:      It lets you see invisible.
 Z - a +4 ring of slaying
Wands
 u - a wand of flame (23)
 A - a wand of acid (8)
 B - a wand of iceblast (9)
 H - a wand of paralysis (13)
 I - a wand of digging (4)
 X - a wand of charming (13)
Scrolls
 e - 4 scrolls of fear
 g - 5 scrolls of amnesia
 i - 6 scrolls of teleportation
 o - 3 scrolls of vulnerability
 r - 5 scrolls of identify
 s - 2 scrolls of immolation
 t - 2 scrolls of fog
 y - 10 scrolls of blinking {!r}
Potions
 d - a potion of invisibility
 n - 3 potions of brilliance
 q - 7 potions of flight
 F - a potion of berserk rage
 K - a potion of mutation {!q}
 O - a potion of attraction
 P - 9 potions of curing
 Q - 2 potions of magic
 T - a potion of lignification
Miscellaneous
 E - a phantom mirror (inert)
 L - a tin of tremorstones (1/2)


   Skills:
 + Level 11.2 Fighting
 - Level 16.8(17.2) Axes
 * Level 5.0(10.5) Polearms
 - Level 13.0 Armour
 - Level 10.0 Dodging
 - Level 6.0 Stealth
 - Level 10.0 Shields
 + Level 14.8 Invocations
 + Level 11.0 Evocations


You had 15 spell levels left.
You didn't know any spells.
Your spell library contained the following spells:

 Spells                   Type           Power      Damage    Failure   Level
 Foxfire                  Conj/Fire      0%         2x1d4     89%         1
 Magic Dart               Conj           0%         1d3       89%         1
 Sting                    Tmut/Pois      0%         1d3       89%         1
 Poisonous Vapours        Pois/Air       0%         N/A       96%         2
 Searing Ray              Conj           0%         2d4       96%         2
 Confusing Touch          Hex            0%         N/A       99%         3
 Conjure Flame            Conj/Fire      0%         6-21      99%         3
 Inner Flame              Hex/Fire       0%         N/A       99%         3
 Animate Dead             Necr           0%         N/A       100%        4
 Cause Fear               Hex            0%         N/A       100%        4
 Flame Wave               Conj/Fire      0%         2d4       100%        4
 Fulminant Prism          Conj/Hex       0%         3d6       100%        4
 Olgreb's Toxic Radiance  Pois           0%         N/A       100%        4
 Summon Lightning Spire   Summ/Air       0%         N/A       100%        4
 Blade Hands              Tmut           0%         N/A       100%        5
 Fireball                 Conj/Fire      0%         3d3       100%        5
 Irradiate                Conj/Tmut      0%         3d13      100%        5
 Iskenderun's Battlesphe  Conj           0%         2d6       100%        5
 Yara's Violent Unravell  Hex/Tmut       0%         3d3       100%        5
 Conjure Ball Lightning   Conj/Air       0%         3x3d6     100%        6
 Dragon Form              Tmut           0%         N/A       100%        7
 Enfeeble                 Hex            0%         N/A       100%        7
 Haunt                    Necr/Summ      0%         N/A       100%        7
 Orb of Destruction       Conj           0%         9d5       100%        7
 Storm Form               Tmut/Air       0%         N/A       100%        7
 Discord                  Hex            0%         N/A       100%        8
 Infestation              Necr           0%         N/A       100%        8
 Maxwell's Capacitive Co  Air            0%         ∞         100%        8


Dungeon Overview and Level Annotations

Branches:
Dungeon (13/15)            Temple (1/1) D:5            Lair (6/6) D:8
  Swamp (1/4) Lair:2       Spider (3/4) Lair:2        Slime (5/5) Lair:6
    Orc (2/2) D:10            Elf (0/3) Orc:2        Vaults (0/5) D:13
Volcano (visited)

Altars:
Ashenzari
Cheibriados
Dithmenos
Elyvilon
Fedhas
Gozag
Hepliaklqana
Kikubaaqudgha
Makhleb
Nemelex Xobeh
Okawaru
Qazlal
Ru
Sif Muna
Trog
Uskayaw
Vehumet
Wu Jian
Xom
Yredelemnul
Zin
The Shining One
Beogh

Shops:
D:6 *   Orc:2 *([[

Annotations:
D:11 5 runed translucent doors
D:13 Azrael, Rupert


Innate Abilities, Weirdness & Mutations

You are resistant to damage.
You can heal yourself by infusing magical energy.
You resist negative energy. (rN+)
You passively map the area around you.
You do not regenerate.
You are agile. (Dex +2)
You are dopey. (Int -2)
You have an increased reservoir of magic. (+10% MP)


Message History

The azure jelly freezes you!!
* * * LOW HITPOINT WARNING * * *
The azure jelly hits you. The azure jelly freezes you!!!
Elyvilon protects you from harm! You block the azure jelly's attack. x2
The slime creature hits you.
* * * LOW HITPOINT WARNING * * *
You cannot read scrolls in your current state!
You cannot read scrolls in your current state!
You cannot read scrolls in your current state!
You cannot read scrolls in your current state!
You cannot read scrolls in your current state!
Okay, then.
Okay, then.
Your magical essence is drained by the effort!
You feel much better.
The acid blob hits you but does no damage.
The acid blob barely misses you. The azure jelly hits you.
* * * LOW HITPOINT WARNING * * *
The azure jelly freezes you!!
* * * LOW HITPOINT WARNING * * *
You block the azure jelly's attack. x2
The azure jelly closely misses you.
Two slime creatures merge to form a large slime creature.
You block the slime creature's attack. The acid blob barely misses you.
The acid blob spits acid at you. The splash of acid hits you! You resist.
* * * LOW HITPOINT WARNING * * *
You feel much better. The azure jelly hits you. The azure jelly freezes you!!
* * * LOW HITPOINT WARNING * * *
You block the azure jelly's attack. x2
The azure jelly barely misses you. The acid blob hits you!!
You die...

,*,,,*,..^.............,,,***
,,,*,,,*#...............,,**
*******##....^..........,,,*
*,*,,**#................,***
**,,,,*#................,,*
*,,,,,*##...............***
**,,,*##......J.........*
*,,,*##........JJJ......*
**,###.........J@.....#,**
*###...........J.......#,*
##.#................##..**
.J...................#**,*
.....................# ***
...................###
....................*
................#.###
...........<...##**


You could see 3 acid blobs, an azure jelly, a large slime creature and a slime
creature.

Vanquished Creatures
  3 acid blobs (Slime:5)
  A rockslime (Slime:5)
  An orc warlord (Orc:2)
  A quicksilver ooze (Lair:6)
  A broodmother (Spider:2)
  2 eleionomae (Swamp:1)
  An entropy weaver (Spider:2)
  Josephine (Lair:5)
  2 fire dragons
  A great orb of eyes (Slime:1)
  A vault guard (D:13)
  A rakshasa (D:11)
  A catoblepas (Lair:6)
  3 hydras
  2 boulder beetles (D:11)
  Erica (Lair:2)
  Harold (D:7)
  2 centaur warriors (D:13)
  3 two-headed ogres
  A death knight (D:13)
  2 alligators (Swamp:1)
  A tengu warrior (D:11)
  An orc high priest (Orc:2)
  A pharaoh ant (Spider:2)
  A skeletal warrior (D:11)
  2 steelbarb worms
  7 orb spiders
  2 orc knights
  A lindwurm (Lair:6)
  2 deep elf pyromancers
  Pikel (D:8)
  2 ugly things (Volcano)
  2 cyclopes (D:11)
  2 orc sorcerers
  11 wolf spiders
  A shining eye (Slime:1)
  A manticore (D:11)
  5 centaur zombies
  11 elephants
  2 moths of wrath
  8 black mambas
  A torpor snail (Spider:3)
  3 molten gargoyles
  A smoke demon (Volcano)
  Maggie (D:8)
  An unseen horror (D:12)
  3 rime drakes
  2 gargoyles
  Psyche (D:8)
  2 kobold demonologists (D:11)
  5 cane toads
  A demonic crawler (Spider:2)
  3 yaktaurs (D:12)
  16 komodo dragons
  A freezing wraith (D:11)
  11 trolls
  A polar bear (Lair:6)
  2 tengu conjurers (D:11)
  A red devil (Volcano)
  9 meliai
  3 hornets
  2 tyrant leeches (Swamp:1)
  Grinder (D:4)
  5 tarantellas
  40 slime creatures
  15 blink frogs
  Prince Ribbit (D:8)
  A meliai zombie (D:11)
  23 jumping spiders
  A centaur simulacrum (D:11)
  A vampire (D:11)
  11 culicivoras
  A spriggan (D:7)
  4 shadows
  12 wyverns
  4 wraiths (Lair:5)
  31 yaks
  6 golden eyes
  2 steam dragons (Lair:6)
  4 fire bats (Volcano)
  17 redbacks
  7 basilisks
  2 wargs (Orc:2)
  14 vampire mosquitoes
  A swamp worm (Swamp:1)
  A two-headed ogre zombie (D:10)
  Menkaure (D:7)
  An acid dragon (D:11)
  11 water moccasins
  8 hell hounds
  39 orc warriors
  2 sky beasts
  2 black bears
  2 necrophages
  18 wolves
  12 ogres
  8 centaurs
  2 lemures (D:7)
  10 bullfrogs
  2 gnoll sergeants
  A wyvern skeleton (D:7)
  3 troll zombies (D:10)
  2 water moccasin skeletons
  3 wights (D:8)
  6 howler monkeys
  4 electric eels (D:11)
  10 lava snakes
  A bullfrog zombie (D:5)
  2 hounds
  3 jellies
  2 centaur skeletons
  21 orc priests
  A gnoll shaman (D:9)
  4 iron imps
  2 bullfrog skeletons
  Natasha (thrice) (D:3)
  Terence (D:3)
  An iguana (D:5)
  A hell rat (Lair:3)
  20 orc wizards
  4 ogre zombies (D:10)
  A hound skeleton (D:4)
  Robin (D:4)
  7 gnolls
  A howler monkey skeleton (D:2)
  6 adders
  A shadow imp (D:7)
  3 white imps
  A worm (D:3)
  71 orcs
  6 endoplasms (D:1)
  3 giant cockroaches
  16 goblins
  6 hobgoblins
  3 quokkas
  6 ball pythons
  4 bats
  A frilled lizard (D:3)
  A goblin zombie (D:10)
  2 hobgoblin skeletons (D:10)
  3 hobgoblin zombies (D:10)
  6 kobolds
  8 orc skeletons (D:10)
  11 orc zombies (D:10)
  7 rats
759 creatures vanquished.

Vanquished Creatures (collateral kills)
  An acid blob (Slime:5)
  4 slime creatures (Slime:5)
  A golden eye (Slime:5)
6 creatures vanquished.

Vanquished Creatures (others)
  A rockslime (Slime:5)
  A boulder beetle (Spider:2)
  A cane toad (Lair:1)
  A komodo dragon (Lair:6)
  A red devil (Volcano)
  A slime creature (D:13)
  A yak (Lair:1)
  An ogre (D:5)
  An orc wizard (Orc:2)
  2 orcs (Orc:2)
  29 fungi
  33 plants
73 creatures vanquished.

Grand Total: 838 creatures vanquished

Notes
Turn   | Place    | Note
-------+----------+-------------------------------------------
     0 | D:5      | fictitious the Deep Dwarf Delver began the quest for the
                  | Orb.
     0 | D:5      | Reached XP level 1. HP: 20/20 MP: 1/1
   122 | D:4      | Reached XP level 2. HP: 22/27 MP: 2/2
   232 | D:3      | Reached skill level 3 in Axes
   256 | D:3      | Noticed Natasha
   367 | D:2      | Reached XP level 3. HP: 28/33 MP: 3/3
   950 | D:1      | Found a faded altar of an unknown god.
  1234 | D:1      | Reached skill level 4 in Axes
  1397 | D:2      | Reached XP level 4. HP: 18/40 MP: 4/4
  1518 | D:2      | Noticed an ogre
  2055 | D:3      | Noticed Terence
  2096 | D:3      | Killed Terence
  2097 | D:3      | Reached XP level 5. HP: 32/46 MP: 4/4
  2313 | D:4      | Noticed Robin
  2320 | D:4      | Reached skill level 5 in Axes
  2333 | D:4      | Killed Robin
  2378 | D:4      | Noticed Grinder
  2378 | D:4      | Paralysed by Grinder for 2 turns
  2675 | D:4      | Reached skill level 1 in Armour
  2774 | D:4      | Reached XP level 6. HP: 44/56 MP: 4/4
  3210 | D:5      | Reached skill level 6 in Axes
  3224 | D:5      | Noticed a sky beast
  3250 | D:5      | Killed a sky beast
  3408 | D:5      | Reached XP level 7. HP: 46/63 MP: 5/5
  3569 | D:5      | Reached skill level 7 in Axes
  3579 | D:5      | Found a staircase to the Ecumenical Temple.
  3598 | Temple   | Entered the Ecumenical Temple
  3618 | Temple   | Became a worshipper of Elyvilon the Healer
  4147 | D:6      | You fall into a shaft and drop 2 floors!
  4147 | D:8      | Noticed Pikel
  4183 | D:7      | Reached skill level 1 in Invocations
  4246 | D:7      | Noticed Menkaure
  4253 | D:6      | Reached * piety under Elyvilon
  4282 | D:6      | Reached XP level 8. HP: 70/72 MP: 6/6
  4411 | D:6      | Found Exkopugi's Assorted Antiques.
  4430 | D:6      | Bought a green potion for 24 gold pieces
  4430 | D:6      | Bought a golden potion for 24 gold pieces
  4430 | D:6      | Bought a fuming coppery potion for 24 gold pieces
  4432 | D:6      | Bought a scroll of identify for 54 gold pieces
  4432 | D:6      | Bought a scroll of identify for 54 gold pieces
  4520 | D:6      | Reached skill level 8 in Axes
  4835 | D:6      | Reached ** piety under Elyvilon
  5381 | D:7      | Noticed Harold
  5447 | D:7      | Reached skill level 9 in Axes
  5497 | D:7      | Reached skill level 5 in Armour
  5571 | D:7      | Reached skill level 5 in Invocations
  5711 | D:7      | Gained mutation: You passively map the area around you.
                  | [Deep Dwarf growth]
  5711 | D:7      | Reached XP level 9. HP: 73/78 MP: 8/8
  5962 | D:7      | Reached skill level 10 in Axes
  6092 | D:7      | Killed Harold
  6377 | D:8      | Killed Pikel
  6435 | D:8      | Reached skill level 11 in Axes
  6435 | D:8      | Reached skill level 5 in Dodging
  6509 | D:8      | Found a staircase to the Lair.
  6781 | D:8      | Reached XP level 10. HP: 83/85 MP: 11/11
  6787 | D:8      | Noticed Prince Ribbit
  6809 | D:8      | Noticed Psyche
  6926 | D:9      | Reached *** piety under Elyvilon
  8296 | D:8      | Noticed Maggie
  8336 | D:8      | Killed Maggie
  8547 | D:6      | Bought a pair of gloves for 121 gold pieces
  8811 | D:4      | Killed Grinder
  8844 | D:3      | Killed Natasha
  8903 | D:3      | Noticed Natasha
  8910 | D:3      | Killed Natasha
  8978 | D:3      | Noticed Natasha
  8982 | D:3      | Killed Natasha
  8983 | D:3      | Reached skill level 1 in Evocations
  9537 | Lair:1   | Entered Level 1 of the Lair of Beasts
  9738 | Lair:1   | Noticed a cane toad
  9744 | Lair:1   | Pacified a cane toad
  9745 | Lair:1   | Reached skill level 12 in Axes
  9814 | Lair:1   | Reached **** piety under Elyvilon
  9865 | Lair:1   | Noticed a cane toad
  9867 | Lair:1   | Pacified a cane toad
  9873 | Lair:1   | Killed a cane toad
 10385 | Lair:2   | Noticed a five-headed hydra
 10387 | Lair:2   | Pacified a five-headed hydra
 10388 | Lair:2   | Reached skill level 5 in Shields
 10441 | Lair:2   | Noticed Erica
 10686 | Lair:2   | Noticed a cane toad
 10687 | Lair:2   | Pacified a cane toad
 10688 | Lair:2   | Reached XP level 11. HP: 74/93 MP: 10/13
 10730 | Lair:2   | Found a staircase to the Swamp.
 11078 | Lair:3   | Reached skill level 5 in Fighting
 11307 | Lair:3   | Reached skill level 13 in Axes
 11501 | Lair:3   | Reached skill level 5 in Evocations
 11828 | Lair:3   | Found the +8 glaive of the Guard {elec, spectral, AC+5}
 12459 | Lair:4   | Noticed an eight-headed hydra
 12460 | Lair:4   | Pacified an eight-headed hydra
 12461 | Lair:4   | Reached skill level 10 in Invocations
 12491 | Lair:4   | Reached skill level 14 in Axes
 12505 | Lair:4   | Noticed a six-headed hydra
 12521 | Lair:4   | Killed a one-headed hydra
 12590 | Lair:4   | Reached XP level 12. HP: 92/105 MP: 15/15
 12600 | Lair:4   | Noticed a five-headed hydra
 12606 | Lair:4   | Pacified a five-headed hydra
 12813 | Lair:4   | You fall into a shaft and drop 2 floors!
 12813 | Lair:6   | Entered Level 6 of the Lair of Beasts
 12868 | Lair:5   | Noticed Josephine
 12897 | Lair:5   | Killed Josephine
 12969 | Lair:5   | Reached skill level 15 in Axes
 13021 | Lair:5   | Identified the +5 arbalest "Jepo" {elec, rC+ Int+2}
 13059 | Lair:5   | Found a dark tunnel.
 13067 | Volcano  | Entered a volcano
 13245 | Volcano  | Found a bloodstained altar of Trog.
 14638 | Lair:6   | Reached XP level 13. HP: 82/117 MP: 16/16
 14662 | Lair:6   | Reached skill level 16 in Axes
 15159 | Lair:6   | Found a staircase to the Slime Pits.
 15211 | Slime:1  | Entered Level 1 of the Pits of Slime
 15211 | Slime:1  | Noticed a quicksilver ooze
 15489 | Lair:6   | Noticed a fire dragon
 15662 | Lair:6   | Found a large runed translucent door.
 15665 | Lair:6   | Found a large runed translucent door.
 16122 | Lair:2   | Killed Erica
 16222 | Lair:2   | Found a hole to the Spider Nest.
 16573 | D:8      | Killed Psyche
 16626 | D:8      | Killed Prince Ribbit
 16681 | D:8      | Found a snail-covered altar of Cheibriados.
 17299 | D:7      | Killed Menkaure
 17374 | D:10     | Entered Level 10 of the Dungeon
 17383 | D:10     | Identified a scroll of acquirement
 17385 | D:10     | Acquired the ring "Xeleniutze" {rN+ Will+ Int+2 Dex+3}
 18013 | D:10     | Found a staircase to the Orcish Mines.
 18297 | Orc:1    | Entered Level 1 of the Orcish Mines
 18600 | Orc:1    | Gained mutation: You resist negative energy. (rN+) [Deep
                  | Dwarf growth]
 18600 | Orc:1    | Reached XP level 14. HP: 87/129 MP: 17/17
 18893 | Orc:2    | Entered Level 2 of the Orcish Mines
 18893 | Orc:2    | Found a staircase to the Elven Halls.
 18893 | Orc:2    | Found a burning altar of Makhleb.
 19055 | Orc:2    | Reached skill level 10 in Armour
 19223 | Orc:2    | Found Sapiuz's Armour Shop.
 19455 | Orc:2    | Found Xuapneics's Assorted Antiques.
 19716 | Orc:2    | Noticed an orc warlord
 19763 | Orc:2    | Killed an orc warlord
 19898 | Orc:2    | Found Gamiewk's Antique Armour Emporium.
 19902 | Orc:2    | Found Amarphava's Antique Weapon Shoppe.
 20113 | Orc:2    | Bought the +3 scale mail of Rorphik {+Blink rPois Regen+}
                  | for 409 gold pieces
 20190 | Orc:2    | Bought a potion of haste for 260 gold pieces
 20190 | Orc:2    | Bought a scroll of identify for 52 gold pieces
 20190 | Orc:2    | Bought a crooked lead wand for 104 gold pieces
 20190 | Orc:2    | Bought a potion of haste for 260 gold pieces
 20190 | Orc:2    | Bought 2 potions of curing for 156 gold pieces
 20190 | Orc:2    | Bought a scroll of magic mapping for 91 gold pieces
 20192 | Orc:2    | Bought a wand of paralysis (7) for 52 gold pieces
 20648 | D:11     | Found a runed translucent door.
 20648 | D:11     | Found a runed translucent door.
 20658 | D:11     | Found a runed translucent door.
 20745 | D:11     | Found a runed translucent door.
 20746 | D:11     | Found a runed translucent door.
 20894 | D:11     | Reached skill level 10 in Fighting
 21243 | D:11     | Identified the ring "Woaj" {rElec rC+ AC+4 Stlth-}
 21256 | D:11     | Identified the ring "Tenax" {Drain rElec rF+ rCorr Int+3
                  | SInv}
 21288 | D:11     | Identified the ring of the Shining Light {Wiz rC+++ rN+
                  | Dex-4 SInv}
 21312 | D:11     | Identified the ring "Jatot" {Fire Drain Str+5 Dex+6}
 22000 | D:12     | Found a burning altar of Makhleb.
 22267 | D:12     | Reached skill level 10 in Dodging
 22267 | D:12     | Reached skill level 10 in Shields
 22476 | D:13     | Found a gate to the Vaults.
 22537 | D:13     | Reached skill level 1 in Polearms
 22541 | D:13     | Noticed Azrael
 22544 | D:13     | Reached XP level 15. HP: 118/138 MP: 13/13
 22560 | D:13     | Noticed Rupert
 23126 | Lair:6   | Identified the +1 plate armour of the Butterfly {Str+2}
 23341 | Spider:1 | Entered Level 1 of the Spider Nest
 24018 | Spider:2 | Identified the amulet of Decleck {Reflect Int+7 SH+5}
 26033 | Spider:3 | Reached skill level 10 in Evocations
 26453 | Swamp:1  | Entered Level 1 of the Swamp
 26907 | Slime:1  | Gained mutation: You sometimes lose the ability to read
                  | scrolls when taking damage. [a shining eye]
 26920 | Slime:1  | Gained mutation: Your body sometimes deteriorates upon
                  | taking damage. [a shining eye]
 26924 | Slime:1  | Noticed an acid blob
 26953 | Slime:2  | Reached XP level 16. HP: 130/150 MP: 9/9
 27042 | Slime:4  | Noticed an acid blob
 27042 | Slime:4  | Noticed an acid blob
 27046 | Slime:5  | Entered Level 5 of the Pits of Slime
 27046 | Slime:5  | Noticed an acid blob
 27060 | Slime:5  | Killed an acid blob
 27090 | Slime:5  | Noticed an acid blob
 27097 | Slime:5  | Noticed an acid blob
 27105 | Slime:5  | Noticed an acid blob
 27105 | Slime:5  | Noticed an acid blob
 27117 | Slime:5  | Killed an acid blob
 27117 | Slime:5  | Killed an acid blob
 27117 | Slime:5  | Noticed an acid blob
 27120 | Slime:5  | Killed an acid blob
 27123 | Slime:5  | HP: 5/150 [azure jelly (18)]
 27130 | Slime:5  | HP: 1/150 [rockslime (31)]
 27133 | Slime:5  | Reached skill level 5 in Polearms
 27133 | Slime:5  | Noticed an acid blob
 27134 | Slime:5  | Lost mutation: Your body sometimes deteriorates upon taking
                  | damage. [potion of mutation]
 27134 | Slime:5  | Lost mutation: You sometimes lose the ability to read
                  | scrolls when taking damage. [potion of mutation]
 27134 | Slime:5  | Gained mutation: You are dopey. (Int -2) [potion of
                  | mutation]
 27134 | Slime:5  | Gained mutation: You have an increased reservoir of magic.
                  | (+10% MP) [potion of mutation]
 27134 | Slime:5  | Gained mutation: You are agile. (Dex +2) [potion of
                  | mutation]
 27135 | Slime:5  | HP: 4/150 [azure jelly (24)]
 27135 | Slime:5  | Elyvilon protects you from harm!
 27137 | Slime:5  | Slain by an acid blob

Illustrated notes

Levels and vault maps discovered:
D:1:      dpeg_arrival_tiny_g, layout_loops_ring, ebering_ecumenical_altar_hall
D:2:      layout_loops_ring, minmay_diced_spiral
D:3:      layout_rooms, kennysheep_pointless_box, uniq_natasha, uniq_terence
D:4:      layout_gridville, minmay_tree_intersection, uniq_grinder, uniq_robin
D:5:      layout_loops_ring, minmay_temple_entry_statues_pillars,
          grunt_decor_one_mirror
D:6:      layout_cave_pods, serial_shops, shop
D:7:      layout_loops_ring, the_hattery, uniq_menkaure, uniq_harold
D:8:      layout_loops_corners, slow_altar_2, lair_entry_dummy, uniq_maggie,
          uniq_psyche, uniq_pikel, uniq_prince_ribbit1
D:9:      layout_stronghold
D:10:     layout_stronghold, zombieorc2_lemuel
D:11:     minmay_the_grid_triangle_9x9_recursive_3_mashed
          [minmay_the_grid_triangle_9x9_minimal,
          minmay_the_grid_triangle_9x9_empty,
          minmay_the_grid_triangle_9x9_tough_junction,
          minmay_the_grid_triangle_9x9_prize_special,
          minmay_the_grid_triangle_9x9_zippers_vertical,
          minmay_the_grid_triangle_9x9_semitri,
          minmay_the_grid_triangle_9x9_fully_insulated_deathbox,
          minmay_the_grid_triangle_9x9_skeleton,
          minmay_the_grid_triangle_9x9_corruption], layout_basic,
          kennysheep_kite_vault
D:12:     layout_basic, demons_altar
D:13:     layout_loops_ring, david_vaults_5, moated_statue, minivault_23,
          lightli_fourway_metalbox, uniq_azrael, uniq_rupert
Temple:   compressed_dpeg_circular_temple
Lair:1:   layout_regular_city, amcnicky_mini_pool_medium
Lair:2:   layout_regular_city, minmay_swamp_entry_swarm,
          spider_nest_entry_web_field, uniq_erica
Lair:3:   layout_layer_cave, st_stairs_13
Lair:4:   layout_loops_ring, minivault_19, hangedman_lair_generics_rect,
          grunt_megastairs_3, serial_bayou_shore_b
Lair:5:   layout_roguey, enter_volcano_2, uniq_josephine
Lair:6:   cheibrodos_lair_end_hotspot, layout_cave_pods,
          minmay_slime_entry_pillars
Swamp:1:  layout_basic_swamp, infiniplex_staircase_pool, swamp_pool1
Spider:1: layout_spider_delve
Spider:2: layout_spider_delve
Spider:3: layout_spider_delve, nicolae_spider_nook
Slime:1:  layout_caves
Slime:2:  layout_caves, nicolae_slime_welcoming_committee
Slime:3:  layout_caves, basic_altar
Slime:4:  layout_caves
Slime:5
Orc:1:    layout_diamond_mine
Orc:2:    grunt_orc_community_town_hall, layout_diamond_mine,
          grunt_orc_community_big_house_2, grunt_orc_community_big_house_2,
          grunt_orc_community_house_1, grunt_orc_community_house_1,
          grunt_orc_community_house_3, grunt_orc_community_house_3, basic_altar

Skill      XL: |  1  2  3  4  5  6  7  8  9 10 11 12 13 14 15 16 |
---------------+-------------------------------------------------+-----
Axes           | 3 4 5 6 7 9 11 12 14 15 16 | 16.8
Dodging        | 3 5 7 10 | 10.0
Fighting       | 3 4 6 7 9 10 11 | 11.2
Armour         | 1 2 4 5 6 7 8 9 11 13 | 13.0
Invocations    | 2 5 6 8 10 12 13 14 | 14.8
Shields        | 3 5 7 10 | 10.0
Evocations     | 3 6 8 10 11 | 11.0
Polearms       | 1 3 5 |  5.0
Stealth        | |  6.0

Action                   |  1- 3 |  4- 6 |  7- 9 | 10-12 | 13-15 | 16-18 || total
-------------------------+-------+-------+-------+-------+-------+-------++-------
Melee: Hand axe          |    50 |   147 |   274 |   128 |       |       ||   599
       Punch             |       |     3 |     4 |       |       |       ||     7
       War axe           |       |       |       |   691 |  1404 |       ||  2095
       Broad axe         |       |       |       |       |   514 |    65 ||   579
 Fire: Hunting sling     |    47 |    49 |    30 |       |       |       ||   126
Throw: Dart              |       |    10 |    51 |    40 |     6 |       ||   107
       Throwing net      |       |       |     1 |     1 |       |       ||     2
Invok: Heal Other        |       |       |     2 |     8 |     4 |       ||    14
       Heal Self         |       |       |       |    28 |    47 |     3 ||    78
 Abil: Heal Wounds       |       |     8 |    10 |     4 |    44 |     5 ||    71
Evoke: Wand              |       |       |       |       |    12 |     3 ||    15
       Tin of tremorston |       |       |       |       |     2 |       ||     2
       Phantom mirror    |       |       |       |       |       |     1 ||     1
  Use: Scroll            |     1 |     5 |     9 |     8 |    13 |     4 ||    40
       Potion            |       |     2 |     1 |     4 |    13 |     9 ||    29
 Stab: Sleeping          |     1 |       |     1 |     1 |     1 |       ||     4
       Invisible         |       |     3 |       |       |    11 |       ||    14
       Petrified         |       |       |       |       |     4 |       ||     4
       Distracted        |       |       |       |       |     1 |       ||     1
       Petrifying        |       |       |       |       |     1 |       ||     1
Armor: Leather armour    |    16 |     6 |    30 |    30 |       |       ||    82
       Scale mail        |       |    37 |     5 |       |   223 |       ||   265
       Chain mail        |       |    15 |       |   171 |   457 |    37 ||   680
       Skin              |       |       |       |     9 |       |       ||     9
Dodge: Dodged            |    21 |    86 |   200 |   481 |   793 |    36 ||  1617
Block: Buckler           |       |       |    32 |     3 |       |       ||    35
       Kite shield       |       |       |       |   335 |  1134 |    81 ||  1550
       Reflection        |       |       |       |       |     1 |     2 ||     3
